 Dungeon Crawl Stone Soup version 0.22-a0-21-g9421e3f (webtiles) character file.

16 tidbits the Grave Robber (level 2, -4/11 HPs)
             Began as a Felid Necromancer on Jan 2, 2018.
             Slain by Natasha (8 damage)
             ... on level 2 of the Dungeon.
             The game lasted 00:01:41 (248 turns).

tidbits the Grave Robber (Felid Necromancer)         Turns: 248, Time: 00:01:42

Health: -4/11      AC:  1    Str:  4    XL:     2   Next: 41%
Magic:  6/6        EV: 18    Int: 16    God:
Gold:   12         SH:  0    Dex: 16    Spells: 4/5 levels left
                                        Lives:  0   Deaths: 0

rFire    . . .     SeeInvis +   (weapon unavailable)
rCold    . . .     Gourm    .   (shield unavailable)
rNeg     . . .     Faith    .   (armour unavailable)
rPois    .         Spirit   .   (helmet unavailable)
rElec    .         Reflect  .   (cloak unavailable)
rCorr    .         Harm     .   (gloves unavailable)
MR       .....                  (boots unavailable)
Stlth    +++.......             (no amulet)
HPRegen  0.03/turn              (no ring)
MPRegen  0.10/turn              (no ring)

@: about to teleport, quick
A: very small, no armour, no weapons or thrown items, stealth, claws 1, fangs 3,
see invisible, carnivore, speed 1, shaggy fur 1, slow metabolism 1, sharp paws
a: no special abilities


You were on level 2 of the Dungeon.
You were not hungry.

You visited 1 branch of the dungeon, and saw 3 of its levels.

You collected 12 gold pieces.

Inventory:

Books
 a - a book of Necromancy

   Spells                             Type                      Level
   a - Pain                           Necromancy                   1
   b - Animate Skeleton               Necromancy                   1
   c - Vampiric Draining              Necromancy                   3
   d - Regeneration                   Charms/Necromancy            3
   e - Animate Dead                   Necromancy                   4
   f - Borgnjor's Vile Clutch         Necromancy/Earth             5
Comestibles
 c - 2 rations


   Skills:
 - Level 3.1 Dodging
 + Level 3.3 Stealth
 - Level 2.2 Spellcasting
 - Level 4.1 Necromancy


You had 4 spell levels left.
You knew the following spells:

 Your Spells              Type           Power        Failure   Level  Hunger
a - Pain                  Necr           ###.         3%          1    #......


Dungeon Overview and Level Annotations

Branches:
Dungeon (3/15)

Altars:

Annotations:
D:2 Natasha


Innate Abilities, Weirdness & Mutations

You cannot wear armour.
You are incapable of wielding weapons or throwing items.
Your paws allow you to move quietly. (Stealth)
You have sharp claws.
You have razor-sharp teeth.
You have supernaturally acute eyesight. (SInv)
You are carnivorous and can eat meat at any time.
You cover ground quickly.
You are covered in fur. (AC +1)
You have a slow metabolism.
Your sharp claws are effective at attacking unaware monsters.


Message History

The kobold barely resists.
The kobold barely misses you.
Casting: Pain
Confirm with . or Enter, or press ? or * to list all spells.
Aiming: Pain
Press: ? - help, Shift-Dir - straight line, f/p - kobold
Aim: a kobold, wielding a whip (chance to defeat MR: 85%)
The kobold writhes in agony!
The kobold closely misses you.
Casting: Pain
Confirm with . or Enter, or press ? or * to list all spells.
Aiming: Pain
Press: ? - help, Shift-Dir - straight line, f/p - kobold
Aim: a kobold, wielding a whip (severely wounded, chance to defeat MR: 85%)
The kobold writhes in agony!
You kill the kobold!
You swing at nothing.
You swing at nothing.
You swing at nothing.
You swing at nothing.
You swing at nothing.
You swing at nothing.
You swing at nothing.
You swing at nothing.
You swing at nothing.
You swing at nothing.
You swing at nothing.
You swing at nothing.
You swing at nothing.
You swing at nothing.
You swing at nothing.
You swing at nothing.
You swing at nothing.
You swing at nothing.
You swing at nothing.
You swing at nothing.
You swing at nothing.
You swing at nothing.
You swing at nothing.
You swing at nothing.
You swing at nothing.
You swing at nothing.
You swing at nothing.
You swing at nothing.
You swing at nothing.
You swing at nothing.
Things that are here:
a whip; a kobold corpse
There is a stone staircase leading up here.
Things that are here:
a leopard gecko corpse; an adder corpse You see here 12 gold pieces.
You now have 12 gold pieces.
You see here a scroll labeled QUOKUH CAYP.
b - a scroll labeled QUOKUH CAYP You see here 26 stones.
A leopard gecko comes into view.
The leopard gecko hisses angrily.
The leopard gecko closely misses you.
Really attack while wielding your 2 rations? [Y]es or [N]o only, please.
Really attack while wielding your 2 rations?
Okay, then.
Casting: Pain
Confirm with . or Enter, or press ? or * to list all spells.
Aiming: Pain
Press: ? - help, Shift-Dir - straight line, f - leopard gecko
Aim: a leopard gecko (clinging, chance to defeat MR: 85%)
The leopard gecko writhes in agony!
You kill the leopard gecko!
You see here a leopard gecko corpse.
A rat comes into view.
Found a stone staircase leading down.
Really attack while wielding your 2 rations?
Okay, then.
Wield which item (- for none, * to show all)? (? for menu, Esc to quit)
Your mouth is now empty.
You pounce on the unaware helpless rat!
You scratch the rat.
You kill the rat!
There is a stone staircase leading down here.
You climb downwards.
An orc and an orc wizard come into view.
The orc shouts!
You hear a shout! x2
There is a stone staircase leading up here.
You climb upwards.
There is a stone staircase leading down here.
Found a short sword.
Natasha, Servant of Life and Death comes into view.
Found a stone staircase leading down.
You pounce on the unaware helpless Natasha!
You scratch Natasha. You bite Natasha.
Natasha is heavily wounded.
Natasha misses you.
As you read the scroll labeled QUOKUH CAYP, it crumbles to dust.
You feel strangely unstable.
It was a scroll of teleportation.
Natasha misses you.
You scratch Natasha but do no damage.
Natasha is heavily wounded.
Natasha growls.
Natasha claws you!
Ouch! That really hurt!
You die...

# .# #.#
############.#
#.#
#>..........)#
#.#
#.#######...##
#.# #.#
#..>.@#.# #.#
#.# #.###.h.#
#.# #.# ##.##
#.###.###.# .#
####.........#
..
.........#####
### ##########


You could see Natasha.

Vanquished Creatures
  An adder (D:2)
  2 leopard geckos (D:2)
  A hobgoblin (D:1)
  A frilled lizard (D:1)
  A kobold (D:2)
  A rat (D:2)
7 creatures vanquished.

Notes
Turn   | Place    | Note
-------+----------+-------------------------------------------
     0 | D:1      | tidbits the Felid Necromancer began the quest for the Orb.
     0 | D:1      | Reached XP level 1. HP: 7/7 MP: 4/4
    83 | D:2      | Reached skill level 3 in Dodging
    83 | D:2      | Reached skill level 3 in Stealth
    83 | D:2      | Reached XP level 2. HP: 4/11 MP: 1/6
   243 | D:2      | Noticed Natasha
   248 | D:2      | Slain by Natasha

Vault maps used:
D:1:      grunt_arrival_crossed_arrows
D:2:      first_ration, minmay_misc_feat_five, cheibrodos_gnoll_hut,
          uniq_natasha
D:3:      minitemple

Skill      XL: |  1 |
---------------+----+-----
Dodging        | 3 |  3.1
Stealth        | 3 |  3.3
Spellcasting   | |  2.2
Necromancy     | |  4.1

Action                   || total
-------------------------++-------
Melee: Unarmed           ||     3
       Bite              ||     1
 Cast: Pain              ||    12
  Use: Scroll            ||     1
 Stab: Sleeping          ||     2
Armor: Skin              ||     1
Dodge: Dodged            ||    10

Table legend:
 A = Spawn XP
 B = Non-spawn XP
 C = Spawn XP percentage of total XP
 D = Spawn monster count
 E = Non-spawn monster count
 F = Spawn count percentage of total count
 G = Total turns spent on level
                    A         B        C        D         E        F      G
               +---------+---------+-------+---------+---------+-------+---------
         Total |       0 |      24 |   0.0 |       0 |       7 |   0.0 |   248
               +---------+---------+-------+---------+---------+-------+---------
           D:1 |       0 |       3 |   0.0 |       0 |       2 |   0.0 |   138
           D:2 |       0 |      21 |   0.0 |       0 |       5 |   0.0 |   108
               +---------+---------+-------+---------+---------+-------+---------

Table legend:
 A = Turns spent in this place as a percentage of turns spent in the entire game.
 B = Non-inter-level travel turns spent in this place as a percentage of non-inter-level travel turns spent in the entire game.
 C = Inter-level travel turns spent in this place as a percentage of turns spent in this place.
 D = Turns resting spent in this place as a percentage of non-inter-level travel turns spent in this place.
 E = Turns spent auto-exploring this place as a percentage of non-inter-level travel turns spent in this place.
 F = Non-inter-level travel turns spent in this place divided by the number of levels of this place that you've seen.
                   A       B       C       D       E      F
               +-------+-------+-------+-------+-------+----------------------
         Total | 100.0 | 100.0 |   0.0 |   0.0 |   0.0 |  82.7
       Dungeon | 100.0 | 100.0 |   0.0 |   0.0 |   0.0 |  82.7
               +-------+-------+-------+-------+-------+----------------------

Table legend:
 A = Kills in this place as a percentage of kills in entire the game.
 B = Kills by you in this place as a percentage of kills by you in the entire game.
 C = Kills by friends in this place as a percentage of kills by friends in the entire game.
 D = Other kills in this place as a percentage of other kills in the entire game.
 E = Experience gained in this place as a percentage of experience gained in the entire game.
 F = Experience gained in this place divided by the number of levels of this place that you have seen.
                   A       B       C       D       E      F
               +-------+-------+-------+-------+-------+----------------------
         Total | 100.0 | 100.0 |   N/A |   N/A | 100.0 |   8.0
       Dungeon | 100.0 | 100.0 |   N/A |   N/A | 100.0 |   8.0
               +-------+-------+-------+-------+-------+----------------------

Vault maps used:
D:1:      grunt_arrival_crossed_arrows
D:2:      first_ration, minmay_misc_feat_five, cheibrodos_gnoll_hut,
          uniq_natasha
D:3:      minitemple
